 Dungeon Crawl Stone Soup version 0.31-a0-851-g7ff8af7976 (webtiles) character file.

Game seed: 2592206856640542774

77 randomguy2701 the Sneak (level 4, -8/38 HPs)
             Began as a Gnoll Wanderer on Oct 6, 2023.
             Mangled by a worm (11 damage)
             ... on level 2 of the Dungeon.
             The game lasted 00:01:43 (1792 turns).

randomguy2701 the Sneak (Gnoll Wanderer)            Turns: 1792, Time: 00:01:43

Health: -8/38      AC:  2    Str:  8    XL:     4   Next: 33%
Magic:  5/5        EV: 14    Int: 12    God:
Gold:   137        SH:  0    Dex: 16    Spells: 5/5 levels left

rFire   . . .        a - +1 dagger
rCold   . . .        (no shield)
rNeg    . . .        f - +0 robe
rPois   .            (no helmet)
rElec   .            (no cloak)
rCorr   .            (no gloves)
SInv    .            (no boots)
Will    .....        (no amulet)
Stlth   ++++         (no ring)
HPRegen 0.26/turn    (no ring)
MPRegen 0.09/turn

%: no passive effects
@: no status effects
A: fangs 1, strong nose, distributed training
a: no special abilities


You were on level 2 of the Dungeon.
You visited 1 branch of the dungeon, and saw 2 of its levels.

You collected 137 gold pieces.

Inventory:

Hand Weapons
 a - a +1 dagger (weapon)
Missiles
 b - an atropa-tipped dart (quivered)
 c - a datura-tipped dart
Armour
 f - a +0 robe (worn)
Jewellery
 g - a ring of protection from cold
 i - an amulet of reflection
Scrolls
 d - a scroll of teleportation
 h - 3 scrolls of identify {unknown}
 j - a scroll of fog {unknown}
 k - a scroll of enchant armour {unknown}
 l - a scroll of poison {unknown}
Potions
 e - a potion of mutation


   Skills:
 + Level 4.6 Fighting
 + Level 1.1 Short Blades
 + Level 1.1 Long Blades
 + Level 1.1 Axes
 + Level 1.1 Maces & Flails
 + Level 1.1 Polearms
 + Level 1.1 Staves
 + Level 1.1 Ranged Weapons
 + Level 1.1 Throwing
 + Level 2.7 Armour
 + Level 4.6 Dodging
 + Level 7.8 Stealth
 + Level 1.1 Shields
 + Level 1.1 Unarmed Combat
 + Level 1.1 Spellcasting
 + Level 0.9 Conjurations
 + Level 0.9 Hexes
 + Level 0.9 Summonings
 + Level 0.9 Necromancy
 + Level 0.9 Translocations
 + Level 0.9 Transmutations
 + Level 0.9 Fire Magic
 + Level 0.9 Ice Magic
 + Level 0.9 Air Magic
 + Level 0.9 Earth Magic
 + Level 0.9 Poison Magic
 + Level 1.2 Invocations
 + Level 2.7 Evocations
 + Level 1.0 Shapeshifting


You had 5 spell levels left.
You didn't know any spells.
Your spell library was empty.

Dungeon Overview and Level Annotations

Branches:
Dungeon (2/15)

Altars:


Innate Abilities, Weirdness & Mutations

You have very sharp teeth.
Your uncanny sense of smell can sniff out nearby items.
Your experience applies equally to all skills.


Message History

The worm is moderately wounded.
The worm closely misses you.
You barely miss the worm.
The worm is moderately wounded.
You hit the worm.
The worm is heavily wounded.
The worm bites you!
You hit the worm.
The worm is heavily wounded.
You barely miss the worm.
The worm is heavily wounded.
The worm bites you!
You are too injured to fight recklessly!
You are too injured to fight recklessly!
You are too injured to fight recklessly!
You are too injured to fight recklessly!
You are too injured to fight recklessly!
A worm is nearby!
A worm is nearby!
You are too injured to fight recklessly!
You hit the worm but do no damage.
The worm is heavily wounded.
You hit the worm but do no damage.
The worm is heavily wounded.
The worm barely misses you.
You hit the worm. Your bite misses the worm.
The worm is heavily wounded.
The worm bites you!
* * * LOW HITPOINT WARNING * * *
You hit the worm.
The worm is heavily wounded.
You hit the worm. You bite the worm, but do no damage.
The worm is severely wounded.
The worm misses you.
You hit the worm.
The worm is severely wounded.
You hit the worm.
The worm is severely wounded.
The worm bites you!
You die...

#..#####.##...#####
#....###....#.#
.....##..#.....#.#
...#####.#.##.##.#
...+........#....#
.. ######.......###
.. ..............<#
. ##############'##
#.w@..# #.....#
#.....# #.....#
#.....# ####...
###.. .##


You could see a worm.

Vanquished Creatures
  2 adders (D:2)
  A dart slug (D:1)
  5 endoplasms
  4 giant cockroaches (D:1)
  9 goblins
  4 hobgoblins (D:1)
  6 kobolds
  3 quokkas
  2 ball pythons (D:1)
  6 bats
  3 frilled lizards (D:1)
  6 rats
51 creatures vanquished.

Notes
Turn   | Place    | Note
-------+----------+-------------------------------------------
     0 | D:1      | randomguy2701 the Gnoll Wanderer began the quest for the
                  | Orb.
     0 | D:1      | randomguy2701 set off with the following items: a +1
                  | dagger, an atropa-tipped dart, a datura-tipped dart, a
                  | scroll of teleportation, a potion of mutation, a +0 robe.
     0 | D:1      | Reached XP level 1. HP: 20/20 MP: 1/1
    28 | D:1      | Found a large runed translucent door.
    28 | D:1      | Found a large runed translucent door.
    90 | D:1      | Reached XP level 2. HP: 26/26 MP: 2/2
   577 | D:1      | Reached XP level 3. HP: 26/31 MP: 3/3
   744 | D:1      | Found a faded altar of an unknown god.
  1250 | D:1      | Reached skill level 1 in Invocations
  1305 | D:1      | Reached skill level 1 in Short Blades
  1305 | D:1      | Reached skill level 1 in Long Blades
  1305 | D:1      | Reached skill level 1 in Axes
  1305 | D:1      | Reached skill level 1 in Maces & Flails
  1305 | D:1      | Reached skill level 1 in Polearms
  1305 | D:1      | Reached skill level 1 in Staves
  1305 | D:1      | Reached skill level 1 in Ranged Weapons
  1305 | D:1      | Reached skill level 1 in Throwing
  1305 | D:1      | Reached skill level 1 in Shields
  1305 | D:1      | Reached skill level 1 in Unarmed Combat
  1305 | D:1      | Reached skill level 1 in Spellcasting
  1501 | D:2      | Reached XP level 4. HP: 38/38 MP: 5/5
  1514 | D:2      | Reached skill level 1 in Shapeshifting
  1792 | D:2      | Mangled by a worm

Illustrated notes

Levels and vault maps discovered:
D:1:      erik_arrival_cave_to_civilisation [erik_arrival_cave_to_temple],
          layout_basic, dreamdust_ecumenical_altar_angels_and_demons,
          chequers_serial_rivers_room_b, lemuel_flame_loot_1
D:2:      layout_basic

Skill      XL: |  1  2  3  4 |
---------------+-------------+-----
Invocations    | 1 |  1.2
Short Blades   | 1 |  1.1
Long Blades    | 1 |  1.1
Axes           | 1 |  1.1
Maces & Flails | 1 |  1.1
Polearms       | 1 |  1.1
Staves         | 1 |  1.1
Ranged Weapons | 1 |  1.1
Throwing       | 1 |  1.1
Shields        | 1 |  1.1
Unarmed Combat | 1 |  1.1
Spellcasting   | 1 |  1.1
Shapeshifting  | 1 |  1.0
Fighting       | |  4.6
Armour         | |  2.7
Dodging        | |  4.6
Stealth        | |  7.8
Conjurations   | |  0.9
Hexes          | |  0.9
Summonings     | |  0.9
Necromancy     | |  0.9
Translocations | |  0.9
Transmutations | |  0.9
Fire Magic     | |  0.9
Ice Magic      | |  0.9
Air Magic      | |  0.9
Earth Magic    | |  0.9
Poison Magic   | |  0.9
Evocations     | |  2.7

Action                     |  1- 3 |  4- 6 || total
---------------------------+-------+-------++-------
  Melee: Dagger            |   158 |    36 ||   194
         Bite              |    17 |     2 ||    19
         Punch             |     3 |     1 ||     4
   Stab: Sleeping          |     8 |     3 ||    11
 Armour: Robe              |    67 |    11 ||    78
  Dodge: Dodged            |   149 |    13 ||   162

Table legend: (Time is in decaauts)
 A = Elapsed time spent in this place.
 B = Non-inter-level travel time spent in this place.
 C = Inter-level travel time spent in this place.
 D = Time resting spent in this place.
 E = Time spent auto-exploring this place.
 F = Levels seen in this place.
 G = Mean time per level.
                   A        B        C        D        E       F      G
               +--------+--------+--------+--------+--------+-----+--------+
         Total |   1785 |   1743 |     42 |      0 |   1388 |   2 |  892.5 |
       Dungeon |   1785 |   1743 |     42 |      0 |   1388 |   2 |  892.5 |
               +--------+--------+--------+--------+--------+-----+--------+

Top non-repeatable levels by time:
     D:1: 1410 daAuts
     D:2: 375 daAuts
